 Dungeon Crawl Stone Soup version 0.31-a0-149-g3fdcc5976a (webtiles) character file.

Game seed: 6257376965375301821

46 qw the Shooter (level 3, -4/31 HPs)
             Began as a Minotaur Hunter on June 7, 2023.
             Slain by Robin
             ... wielding a +0 trident
              (6 damage)
             ... on level 2 of the Dungeon.
             The game lasted 00:00:33 (982 turns).

qw the Shooter (Minotaur Hunter)                     Turns: 982, Time: 00:00:33

Health: -4/31      AC:  3    Str: 15    XL:     3   Next: 46%
Magic:  2/2        EV: 12    Int:  6    God:
Gold:   44         SH:  0    Dex: 15    Spells: 2/2 levels left

rFire   . . .        Y - +0 shortbow
rCold   . . .        (shield currently unavailable)
rNeg    . . .        c - +0 leather armour
rPois   .            (helmet restricted)
rElec   .            (no cloak)
rCorr   .            (no gloves)
SInv    .            (no boots)
Will    .....        j - amulet of faith
Stlth   +            (no ring)
HPRegen 0.25/turn    (no ring)
MPRegen 0.08/turn

%: faith
@: no status effects
A: horns 2, retaliatory headbutt
a: no special abilities


You were on level 2 of the Dungeon.
You visited 1 branch of the dungeon, and saw 2 of its levels.

You collected 44 gold pieces.


Innate Abilities, Weirdness & Mutations

You have a pair of horns on your head.
You reflexively headbutt those who attack you in melee.


   Skills:
 - Level 3.0 Fighting
 + Level 5.5 Ranged Weapons
 - Level 2.1 Dodging
 - Level 0.7 Stealth


You had 2 spell levels left.
You didn't know any spells.
Your spell library was empty.

Inventory:

Hand Weapons
 Y - a +0 shortbow (weapon)
Armour
 c - a +0 leather armour (worn)
Jewellery
 j - an amulet of faith (around neck)
Potions
 a - a potion of might {unknown}
 e - a potion of mutation {unknown}
 f - a potion of attraction {unknown}

Dungeon Overview and Level Annotations

Branches:
Dungeon (2/15)

Altars:

Annotations:
D:2 Robin


Message History

You shoot an arrow. The arrow hits the goblin.
You kill the goblin!
A goblin comes into view. It is wielding a +0 club.
The goblin shoots a sling bullet.
The sling bullet hits you.
You shoot an arrow. The arrow closely misses the goblin.
The goblin shoots a sling bullet.
The sling bullet hits you.
You shoot an arrow. The arrow hits the goblin.
The goblin is severely wounded.
Robin throws the goblin at you!
A goblin comes into view. It is wielding a +0 dagger.
The goblin unwields a +0 sling.
The goblin wields a +0 dagger.
The goblin hits you but does no damage.
Robin roars a battlecry!
The goblins go into a battle-frenzy!
You shoot an arrow. The arrow barely misses the goblin.
The goblin hits you but does no damage. The goblin barely misses you.
You furiously retaliate!
You headbutt the goblin.
You kill the goblin!
You shoot an arrow. The arrow hits Robin!
Robin is heavily wounded.
Robin throws the goblin at you!
You shoot an arrow. The arrow barely misses the goblin.
The goblin hits you with a +0 dagger.
You shoot an arrow. The arrow hits the goblin.
You kill the goblin!
Robin hits you from afar with a +0 trident.
The goblin barely misses you. Robin barely misses you.
You shoot an arrow.
The arrow hits the goblin but does no damage.
The goblin hits you with a +0 club.
Robin hits you from afar with a +0 trident!
You shoot an arrow. The arrow completely misses the goblin.
Robin barely misses you. The goblin completely misses you.
You shoot an arrow. The arrow hits the goblin!
You kill the goblin!
Robin misses you.
You shoot an arrow. The arrow hits Robin!
Robin is almost dead.
Robin hits you from afar with a +0 trident.
You die...

#............^......#
#...
#.....###....##.....#
.#.
#.....######..#.......
.
#...........#...)...###
#.......###...........
##g)###.#.............
gg..#.........##.......
.g###........)........
..g
........)g)@)....... .g
...##>...###)####.## .#
. .# ...#### #.## #.#
...# ..### #..###.#
#... .## ##..##.# #..#
##..#.# #..#
##.#.###.P# #........+
##.......P#


You could see Robin.

Vanquished Creatures
  A dart slug (D:2)
  A ball python (D:1)
  4 endoplasms
  A giant cockroach (D:1)
  12 goblins
  5 hobgoblins
  A quokka (D:1)
  A bat (D:1)
  2 frilled lizards (D:1)
  9 kobolds
  A rat (D:1)
38 creatures vanquished.

Notes
Turn   | Place    | Note
-------+----------+-------------------------------------------
     0 | D:1      | qw the Minotaur Hunter began the quest for the Orb.
     0 | D:1      | Reached XP level 1. HP: 18/18 MP: 0/0
     0 | D:1      | 0 ||| qw: Version: 0.2-a-117-gc6b5c8b
     0 | D:1      | 0 ||| qw: Game counter: 2596
     0 | D:1      | 0 ||| qw: Always use a shield: true
     0 | D:1      | 0 ||| qw: God list: Okawaru
     0 | D:1      | 0 ||| qw: Allow faded altars: false
     0 | D:1      | 0 ||| qw: Do Orc after D:15 true
     0 | D:1      | 0 ||| qw: Do second Lair branch before Depths: true
     0 | D:1      | 0 ||| qw: Lair rune preference: random
     0 | D:1      | 0 ||| qw: Plans: Normal
     0 | D:1      | 0 ||| PLANNING D:1-11
   145 | D:1      | Reached XP level 2. HP: 25/25 MP: 1/1
   196 | D:1      | Reached skill level 5 in Ranged Weapons
   637 | D:1      | Reached skill level 3 in Fighting
   661 | D:1      | 661 ||| UPGRADING to amulet of faith.
   676 | D:1      | 676 ||| READING scroll labelled HATONN HINASIPYU.
   687 | D:1      | 687 ||| READING scroll labelled ROKIEH IXISHYG.
   698 | D:1      | 698 ||| READING scroll labelled RENOAT MAMEL.
   709 | D:1      | 709 ||| READING scroll labelled SEDDEN IZ UMO.
   710 | D:1      | 710 ||| FLEEEEING.
   793 | D:1      | 793 ||| READING scroll labelled BYCSARH REHERPH.
   794 | D:1      | 794 ||| DROPPING scroll of butterflies.
   870 | D:2      | Reached XP level 3. HP: 31/31 MP: 2/2
   873 | D:2      | 873 ||| FLEEEEING.
   950 | D:2      | Noticed Robin
   954 | D:2      | 954 ||| FLEEEEING.
   955 | D:2      | 955 ||| FLEEEEING.
   956 | D:2      | 956 ||| FLEEEEING.
   957 | D:2      | 957 ||| FLEEEEING.
   959 | D:2      | 959 ||| FLEEEEING.
   960 | D:2      | 960 ||| FLEEEEING.
   961 | D:2      | 961 ||| FLEEEEING.
   979 | D:2      | HP: 1/31 [Robin/+0 trident (7)]
   982 | D:2      | Slain by Robin

Levels and vault maps discovered:
D:1:      spicycebolla_arrival_clurvy, layout_basic, lexackson_kobold_supper
D:2:      layout_rooms, dreamdust_ecumenical_altar_hidden_monk_grotto,
          chequers_jeans, cheibrodos_gnoll_hut, uniq_robin

Skill      XL: |  1  2 |
---------------+-------+-----
Ranged Weapons | 5 |  5.5
Fighting       | 3 |  3.0
Dodging        | |  2.1
Stealth        | |  0.7

Action                     || total
---------------------------++-------
   Fire: Shortbow          ||    95
    Use: Scroll            ||     5
 Armour: Leather armour    ||    11
  Dodge: Dodged            ||    23

Table legend:
 A = Non-vault XP
 B = Vault XP
 C = Vault XP percentage of total XP
 D = Non-vault monster count
 E = Vault monster count
 F = Vault count percentage of total count
                 A         B        C        D         E       F
            +---------+---------+-------+---------+---------+-------
      Total |      39 |      28 |  41.8 |      20 |      18 |  47.4
            +---------+---------+-------+---------+---------+-------
        D:1 |      24 |      10 |  29.4 |      13 |       8 |  38.1
        D:2 |      15 |      18 |  54.5 |       7 |      10 |  58.8
            +---------+---------+-------+---------+---------+-------
